 Dungeon Sprint DCSS version 0.23.2-1-ga50397a6bc (webtiles) character file.

Game seed: 16612958982974917508

266 Kobolds4U the Unseen (level 6, -2/45 HPs)
             Began as a Spriggan Assassin on May 22, 2019.
             Splashed by a jelly's acid (5 damage)
             ... in the Dungeon (Sprint I: "Red Sonja").
             The game lasted 00:00:56 (61 turns).

Kobolds4U the Unseen (Spriggan Assassin)              Turns: 61, Time: 00:00:57

Health: -2/45      AC: -5    Str: 12    XL:     6   Next: 0%
Magic:  7/7        EV: 26    Int: 13    God:
Gold:   162        SH:  0    Dex: 19    Spells: 5/5 levels left

rFire    . . .     SeeInvis +   a - +2 dagger
rCold    . . .     Gourm    .   (shield restricted)
rNeg     . . .     Faith    .   c - +0 robe
rPois    .         Spirit   .   (helmet restricted)
rElec    .         Reflect  .   d - +0 cloak
rCorr    .         Harm     .   (gloves unavailable)
MR       +....     NoTele   +   (boots unavailable)
Stlth    ..........             (no amulet)
HPRegen  0.15/turn              o - ring of wizardry
MPRegen  0.10/turn              (no ring)

@: berserking, corroded, very quick
A: very small, unfitting armour, see invisible, herbivore, speed 3, slow
metabolism 2
a: no special abilities


You were in the Dungeon.
You were not hungry.

You visited 1 branch You collected 162 gold pieces.

Inventory:

Hand Weapons
 a - a +2 dagger (weapon)
 b - a +0 blowgun
Missiles
 e - 8 poisoned needles
 f - 2 curare-tipped needles
Armour
 c - a +0 robe (worn)
 d - a +0 cloak (worn)
Jewellery
 o - a ring of wizardry (left hand)
Scrolls
 m - a scroll of blinking
Potions
 h - a potion of curing
 i - a potion of heal wounds
 j - a potion of haste
 k - 2 potions of magic
 n - a potion of mutation {unknown}
Comestibles
 g - a ration


   Skills:
 - Level 1.5 Fighting
 - Level 4.2 Short Blades
 - Level 2.0 Throwing
 + Level 9.2 Dodging
 * Level 15.6 Stealth


You had 5 spell levels left.
You didn't know any spells.
Your spell library was empty.

Dungeon Overview and Level Annotations

Branches:
Dungeon (1/1)

Altars:
Sif Muna
Vehumet
Wu Jian


Innate Abilities, Weirdness & Mutations

You are very small and have problems with some larger weapons.
You are too small for most types of armour.
You have supernaturally acute eyesight. (SInv)
You are a herbivore.
You cover ground extremely quickly.
You need to consume almost no food.


Message History

Put on which piece of jewellery? (? for menu, Esc to quit)
o - a ring of wizardry (left hand)
A red film seems to cover your vision as you go berserk!
You feel yourself moving faster!
You feel mighty!
You hit the jelly. The acid corrodes you!
Your hands burn!
* * * LOW HITPOINT WARNING * * *
The jelly is moderately wounded.
The jelly misses you.
You hit the jelly.
Your hands burn!
* * * LOW HITPOINT WARNING * * *
The jelly is severely wounded.
You hit the jelly.
Your hands burn!
* * * LOW HITPOINT WARNING * * *
The jelly is severely wounded.
The jelly completely misses you.
You hit the jelly.
Your hands burn!
* * * LOW HITPOINT WARNING * * *
The jelly is almost dead.
You hit the jelly but do no damage.
Your hands burn!
You die...

################
#<.#.)'..#.)'..#
#..'..#.)@J.#..+
#..#####'#####.#
#..# #..# #.#
#..# #### #/#
#..# #_.+ #⌠⌠#
..._# ####
#_.#+# ##+


You could see a jelly.

Vanquished Creatures
  Sigmund (D)
  An ogre (D)
  Ijyb (D)
3 creatures vanquished.

Notes
Turn   | Place    | Note
-------+----------+-------------------------------------------
     0 | D        | Kobolds4U the Spriggan Assassin began the quest for the
                  | Orb.
     0 | D        | Reached XP level 1. HP: 10/10 MP: 2/2
     2 | D        | Noticed Ijyb
     5 | D        | Killed Ijyb
     5 | D        | Reached skill level 9 in Stealth
     5 | D        | Reached XP level 2. HP: 14/14 MP: 3/3
     8 | D        | Noticed an ogre
    11 | D        | Killed an ogre
    11 | D        | Reached skill level 5 in Dodging
    11 | D        | Reached skill level 12 in Stealth
    11 | D        | Reached XP level 3. HP: 18/18 MP: 4/4
    11 | D        | Reached XP level 4. HP: 22/22 MP: 5/5
    20 | D        | Noticed Sigmund
    23 | D        | Killed Sigmund
    23 | D        | Reached skill level 15 in Stealth
    23 | D        | Reached XP level 5. HP: 25/25 MP: 6/6
    23 | D        | Reached XP level 6. HP: 30/30 MP: 7/7
    36 | D        | Found an ornate altar of the Wu Jian Council.
    36 | D        | Found a deep blue altar of Sif Muna.
    38 | D        | Found a radiant altar of Vehumet.
    61 | D        | Splashed by a jelly's acid

Skill      XL: |  1  2  3  4 |
---------------+-------------+-----
Short Blades   | 4 |  4.2
Stealth        | 9 12 15 | 15.6
Dodging        | 5 9 |  9.2
Fighting       | |  1.5
Throwing       | |  2.0

Action                   |  1- 3 |  4- 6 || total
-------------------------+-------+-------++-------
Melee: Dagger            |     2 |    11 ||    13
  Use: Potion            |       |     1 ||     1
 Stab: Sleeping          |     2 |     1 ||     3
Dodge: Dodged            |       |     5 ||     5
